 Dungeon Crawl Stone Soup version 0.22.0 (webtiles) character file.

102 Liskomies the Grave Robber (level 4, -2/30 HPs)
             Began as a Demonspawn Necromancer on Aug 10, 2018.
             Slain by a crimson imp (3 damage)
             ... on level 4 of the Dungeon.
             The game lasted 00:19:38 (2967 turns).

Liskomies the Grave Robber (Demonspawn Necromancer) Turns: 2967, Time: 00:19:39

Health: -2/30      AC:  2    Str: 11    XL:     4   Next: 49%
Magic:  8/8        EV: 12    Int: 17    God:
Gold:   128        SH:  0    Dex: 14    Spells: 4/9 levels left

rFire    + . .     SeeInvis .   h - +0 spear
rCold    + . .     Gourm    .   (no shield)
rNeg     . . .     Faith    +   a - +0 robe
rPois    .         Spirit   .   (helmet restricted)
rElec    .         Reflect  .   b - scarf {rC+ rF+}
rCorr    .         Harm     .   (no gloves)
MR       .....                  (no boots)
Stlth    ++........             d - amulet of faith
HPRegen  0.10/turn              n - +3 ring of strength
MPRegen  0.11/turn              (no ring)

@: no status effects
A: horns 1, powered by pain 1
a: no special abilities


You were on level 4 of the Dungeon.
You were not hungry.

You visited 1 branch of the dungeon, and saw 4 of its levels.

You collected 128 gold pieces.

Inventory:

Hand Weapons
 e - a +0 dagger
 h - a +0 spear (weapon)
Armour
 a - a +0 robe (worn)
 b - a scarf of resistance (worn)
Jewellery
 d - an amulet of faith (around neck)
 j - an uncursed ring of fire
 n - a +3 ring of strength (left hand)
Scrolls
 k - a scroll of teleportation
 o - a scroll of remove curse {unknown}
Potions
 f - a potion of heal wounds
 g - a potion of degeneration {unknown}
 i - a potion of curing
 l - 2 potions of might
 m - a potion of cancellation
Comestibles
 c - a ration


   Skills:
 + Level 1.9 Dodging
 + Level 2.0 Stealth
 + Level 3.0 Spellcasting
 + Level 5.7 Necromancy


You had 4 spell levels left.
You knew the following spells:

 Your Spells              Type           Power        Failure   Level  Hunger
a - Pain                  Necr           ###.         1%          1    None
b - Animate Dead          Necr           N/A          17%         4    ####...

Your spell library contained the following spells:

 Spells                   Type           Power        Failure   Level  Hunger
 Animate Skeleton         Necr           N/A          1%          1    None
 Vampiric Draining        Necr           ###.......   4%          3    ###....
 Regeneration             Chrm/Necr      ##........   16%         3    ###....


Dungeon Overview and Level Annotations

Branches:
Dungeon (4/15)
 Temple: D:4-7

Altars:
Okawaru
Vehumet


Innate Abilities, Weirdness & Mutations

You have a pair of small horns on your head.
You sometimes gain a little power by taking damage.


Message History

* * * LOW HITPOINT WARNING * * *
You miss the crimson imp.
The crimson imp is severely wounded.
The crimson imp closely misses you.
You hit the crimson imp but do no damage.
The crimson imp is heavily wounded.
The crimson imp hits you.
* * * LOW HITPOINT WARNING * * *
You miss the crimson imp. You headbutt the crimson imp.
The crimson imp is heavily wounded.
The crimson imp misses you.
You closely miss the crimson imp.
The crimson imp is heavily wounded.
The crimson imp blinks!
The crimson imp hits you.
* * * LOW HITPOINT WARNING * * *
You hit the crimson imp. Your headbutt misses the crimson imp.
The crimson imp is moderately wounded.
The crimson imp hits you.
You die...

##########
#.#
#....^...#
#.#
#.######.#
#.# #.# #.#
#.# #.# #.#
#.# #.# #.#
#.# #.# #.#
#.# #.#
#.#########.#
#.#
#........@5[#
#.#
#############
#.# #.# #.#
#.# #.# ..#
#.#


You could see a crimson imp.

Vanquished Creatures
  Natasha (D:4)
  2 gnolls
  An adder (D:3)
  3 worms
  2 dart slugs (D:2)
  3 giant cockroaches
  6 goblins
  8 hobgoblins
  A quokka (D:3)
  3 bats
  A frilled lizard (D:1)
  3 kobolds
  4 rats
38 creatures vanquished.

Vanquished Creatures (others)
  A gnoll (D:3)
1 creature vanquished.

Grand Total: 39 creatures vanquished

Notes
Turn   | Place    | Note
-------+----------+-------------------------------------------
     0 | D:1      | Liskomies the Demonspawn Necromancer began the quest for the Orb.
     0 | D:1      | Reached XP level 1. HP: 13/13 MP: 3/3
    21 | D:1      | Gained mutation: You sometimes gain a little power by taking damage. [demonic ancestry]
    21 | D:1      | Reached XP level 2. HP: 17/19 MP: 0/5
   625 | D:1      | Reached skill level 5 in Necromancy
  1160 | D:2      | Gained mutation: You have a pair of small horns on your head. [demonic ancestry]
  1160 | D:2      | Reached XP level 3. HP: 17/24 MP: 1/6
  2120 | D:3      | Found an iron altar of Okawaru.
  2332 | D:3      | Reached XP level 4. HP: 20/30 MP: 4/8
  2338 | D:3      | Learned a level 4 spell: Animate Dead
  2377 | D:3      | Found a radiant altar of Vehumet.
  2744 | D:4      | Noticed Natasha
  2751 | D:4      | Killed Natasha
  2966 | D:4      | HP: 1/30 [crimson imp (3)]
  2967 | D:4      | Slain by a crimson imp

Skill      XL: |  1  2  3  4 |
---------------+-------------+-----
Necromancy     | 5 |  5.7
Stealth        | 2 |  2.0
Spellcasting   | 3 |  3.0
Dodging        | |  1.9

Action                   |  1- 3 |  4- 6 || total
-------------------------+-------+-------++-------
Melee: Unarmed           |     1 |       ||     1
       Spear             |     2 |    41 ||    43
       Headbutt          |     2 |     6 ||     8
 Cast: Pain              |    80 |    14 ||    94
  Use: Scroll            |     5 |     4 ||     9
       Potion            |     2 |       ||     2
  Eat: Ration            |     1 |     1 ||     2
       Chunk             |     1 |       ||     1
Armor: Robe              |     4 |     7 ||    11
Dodge: Dodged            |    11 |    19 ||    30
